 Dungeon Crawl Stone Soup version 0.31.0-11-ge490571c62 (webtiles) character file.

Game seed: 12281244830566466460

98 BubbleThief the Apothecary (level 4, -4/36 HPs)
             Began as a Naga Alchemist on Feb 6, 2024.
             Slain by an ogre
             ... wielding a +0 giant spiked club
              (29 damage)
             ... on level 4 of the Dungeon.
             The game lasted 00:03:01 (1877 turns).

BubbleThief the Apothecary (Naga Alchemist)         Turns: 1877, Time: 00:03:01

Health: -4/36      AC:  2    Str: 10    XL:     4   Next: 69%
Magic:  4/8        EV:  9    Int: 18    God:
Gold:   87         SH:  0    Dex: 11    Spells: 8/9 levels left

rFire   . . .        f - +2 dagger (vamp)
rCold   . . .        (no shield)
rNeg    . . .        a - +0 robe
rPois   +            (no helmet)
rElec   .            (no cloak)
rCorr   .            (no gloves)
SInv    +            (no barding)
Will    .....        (no amulet)
Stlth   ++           (no ring)
HPRegen 0.26/turn    (no ring)
MPRegen 0.11/turn

%: no passive effects
@: short of breath, very slow
A: AC +1, large, see invisible, deformed body, poison resistance, slowness 2,
spit poison 1, naga tail 1
a: Spit Poison


You were on level 4 of the Dungeon.
You visited 1 branch of the dungeon, and saw 4 of its levels.

You collected 87 gold pieces.

Inventory:

Hand Weapons
 f - a +2 vampiric dagger (weapon)
Armour
 a - a +0 robe (worn)
 k - a +0 buckler
Scrolls
 c - 2 scrolls of amnesia {unknown}
 h - a scroll of fear {unknown}
 i - a scroll of identify {unknown}
Potions
 b - a potion of magic
 d - 2 potions of degeneration {unknown}
 e - 3 potions of curing {unknown}
 g - a potion of haste {unknown}
 j - 2 potions of heal wounds {unknown}


   Skills:
 - Level 1.5 Dodging
 - Level 3.0 Stealth
 + Level 3.0 Spellcasting
 - Level 1.0 Conjurations
 * Level 5.6 Alchemy


You had 8 spell levels left.
You knew the following spells:

 Your Spells              Type           Power      Damage    Failure   Level
a - Sting                 Conj/Alch      56%        1d6       4%          1

Your spell library contained the following spells:

 Spells                   Type           Power      Damage    Failure   Level
 Mercury Vapours          Alch/Air       24%        N/A       8%          2
 Cigotuvi's Dreadful Rot  Necr/Alch/Air  18%        N/A       12%         2
 Slow                     Hex            8%         N/A       16%         1
 Olgreb's Toxic Radiance  Alch           23%        N/A       16%         4
 Mephitic Cloud           Conj/Alch/Air  10%        N/A       21%         3
 Confusing Touch          Hex            2%         N/A       43%         3
 Sigil of Binding         Hex            2%         N/A       43%         3
 Vampiric Draining        Necr           2%         2d6       43%         3
 Sticky Flame             Fire/Alch      12%        2d5       45%         4
 Dispel Undead            Necr           2%         3d7       85%         4
 Martyr's Knell           Necr/Summ      2%         N/A       85%         4
 Conjure Ball Lightning   Conj/Air       2%         3x3d6     100%        6
 Death Channel            Necr           1%         N/A       100%        6
 Discord                  Hex            1%         N/A       100%        8
 Disjunction              Tloc           1%         N/A       100%        8


Dungeon Overview and Level Annotations

Branches:
Dungeon (4/15)
 Temple: D:4-7

Altars:


Innate Abilities, Weirdness & Mutations

Your serpentine skin is tough. (AC +1)
You have supernaturally acute eyesight. (SInv)
Armour fits poorly on your strangely shaped body.
Your system is resistant to poisons. (rPois)
You cover ground very slowly.
You can spit poison.
You have a snake-like lower body.


Message History

Aiming: Spit Poison (1% risk of failure)
Press: ? - help, Shift-Dir - straight line, f - ogre
Aim: an ogre, wielding a +0 giant spiked club (81% to hit)
The splash of poison hits the ogre.
The ogre is lightly wounded.
The goblin closely misses you. The ogre barely misses you.
Unknown command.
Unknown command.
Aiming: Sting (safe; 4% risk of failure)
Press: ? - help, Q - select action, (/) - cycle Shift-Dir - straight line, f/p - ogre
Aim: an ogre, wielding a +0 giant spiked club (lightly wounded, 86% to hit)
The sting hits the ogre.
The ogre is poisoned.
The ogre is moderately wounded.
The goblin hits you with a +0 dagger.
Aiming: Sting (safe; 4% risk of failure)
Press: ? - help, Q - select action, (/) - cycle Shift-Dir - straight line, f/p - ogre
Aim: an ogre, wielding a +0 giant spiked club (moderately wounded, poisoned, 86% to hit)
The sting hits the ogre.
The ogre looks even sicker.
The ogre is heavily wounded.
You have got your breath back.
The goblin misses you. The ogre barely misses you.
Aiming: Sting (safe; 4% risk of failure)
Press: ? - help, Q - select action, (/) - cycle Shift-Dir - straight line, f/p - ogre
Aim: an ogre, wielding a +0 giant spiked club (heavily wounded, very poisoned, 86% to hit)
The sting misses the ogre.
The goblin barely misses you. The ogre barely misses you.
Aiming: Spit Poison (1% risk of failure)
Press: ? - help, Shift-Dir - straight line, f/p - ogre
Aim: an ogre, wielding a +0 giant spiked club (heavily wounded, very poisoned, 81% to hit)
The splash of poison hits the ogre.
The ogre looks even sicker.
The ogre is severely wounded.
The goblin hits you with a +0 dagger.
Aiming: Sting (safe; 4% risk of failure)
Press: ? - help, Q - select action, (/) - cycle Shift-Dir - straight line, f/p - ogre
Aim: an ogre, wielding a +0 giant spiked club (severely wounded, very poisoned, 86% to hit)
The sting misses the ogre.
The goblin hits you with a +0 dagger.
The ogre hits you with a +0 giant spiked club!!
Ouch! That really hurt!
You die...

# #. # .###. #.##
..<... ....
......########..##..
.......#...#@o......
#..§.§...Zg#O......
##.§P§#..###.......
...§P.§§...# .......
...PP.P##...........
.....§# #...........
.. ... ............
? .... ............
....# .....


You could see an ogre (very poisoned), an orc, a quokka zombie and a goblin.

Vanquished Creatures
  Jessica (D:2)
  3 adders
  A dart slug (D:2)
  8 ball pythons
  5 bats
  4 endoplasms (D:1)
  A giant cockroach (D:2)
  3 goblins (D:1)
  2 hobgoblins
  A jackal (D:3)
  4 kobolds
  2 quokkas (D:2)
  A frilled lizard (D:1)
  7 rats
43 creatures vanquished.

Notes
Turn   | Place    | Note
-------+----------+-------------------------------------------
     0 | D:1      | BubbleThief the Naga Alchemist began the quest for the Orb.
     0 | D:1      | Reached XP level 1. HP: 15/15 MP: 3/3
    79 | D:1      | Reached skill level 4 in Alchemy
    90 | D:1      | Reached XP level 2. HP: 19/22 MP: 1/5
   677 | D:1      | Reached XP level 3. HP: 28/28 MP: 4/6
  1027 | D:2      | Noticed Jessica
  1033 | D:2      | Killed Jessica
  1034 | D:2      | Reached skill level 5 in Alchemy
  1105 | D:2      | Reached XP level 4. HP: 36/36 MP: 8/8
  1245 | D:2      | Found a faded altar of an unknown god.
  1871 | D:4      | Noticed an ogre
  1877 | D:4      | Slain by an ogre

Illustrated notes

Levels and vault maps discovered:
D:1:      tarquinn_simple_flora_water_d, layout_basic
D:2:      layout_loops_corners, basic_ecumenical_altar, uniq_jessica
D:3:      layout_basic, nicolae_overflow_hidden_temple, serial_shops, shop
D:4:      layout_cave_pools, nzn_hepliaklqana_mist_gate, serial_undead,
          serial_undead_d, serial_undead_d, serial_undead_a, serial_undead_b,
          serial_undead_c, serial_undead_e,
          serial_library_regret_index_small_wings, uniq_menkaure

Skill      XL: |  1  2  3  4 |
---------------+-------------+-----
Alchemy        | 4 5 |  5.6
Spellcasting   | 3 |  3.0
Dodging        | |  1.5
Stealth        | |  3.0
Conjurations   | |  1.0

Action                     |  1- 3 |  4- 6 || total
---------------------------+-------+-------++-------
  Melee: Unarmed           |     2 |       ||     2
         Dagger            |     2 |     4 ||     6
         Punch             |     1 |       ||     1
   Cast: Sting             |    27 |    18 ||    45
Ability: Spit Poison       |    26 |    17 ||    43
 Armour: Robe              |    18 |    21 ||    39
  Dodge: Dodged            |    20 |    19 ||    39
